 Dungeon Crawl Stone Soup version 0.16.2-12-gd0ad4c3 (webtiles) character file.

17952 DevastatorOne the Devastator (level 12, -3/44 HPs)
             Began as a Felid Conjurer on May 7, 2015.
             Was the Champion of Sif Muna.
             Slain by BLOAX's ghost (23 damage)
             ... on level 7 of the Lair of Beasts on Nov 10, 2015.
             The game lasted 02:33:12 (24541 turns).

DevastatorOne the Devastator (Felid Conjurer)      Turns: 24541, Time: 02:33:12

Health: -3/44      AC:  3    Str:  4    XL:     12   Next: 23%
Magic:  6/41       EV: 27    Int: 22    God:    Sif Muna [******]
Gold:   1503       SH:  0    Dex: 16    Spells: 7 memorised, 6 levels left
                                        Lives:  0   Deaths: 4

rFire  . . .     SeeInvis +     (weapon unavailable)
rCold  + . .     Clarity  +     (armour unavailable)
rNeg   . . .     SustAb   .     (shield unavailable)
rPois  +         Gourm    .     (helmet unavailable)
rElec  .         Spirit   .     (cloak unavailable)
rCorr  .         Warding  .     (gloves unavailable)
rMut   .         Stasis   .     (boots unavailable)
MR     +....                    a - amulet of clarity
Stlth  ++++......               D - ring of magical power
                                H - ring of wizardry

@: about to teleport, quick, somewhat resistant to hostile enchantments,
stealthy
A: paw claws, no armour, no weapons or thrown items, fangs 3, see invisible,
carnivore 3, speed 1, mutation resistance 1, poison resistance, shaggy fur 3,
slow metabolism 1, sharp paws
a: Channel Energy, Forget Spell, Renounce Religion


You were on level 7 of the Lair of Beasts.
You worshipped Sif Muna.
Sif Muna was exalted by your worship.
You were full.

You visited 3 branches of the dungeon, and saw 19 of its levels.
You also visited: Sewer and Bailey.

You collected 1503 gold pieces.

Inventory:

Jewellery
 a - an amulet of clarity (around neck)
 g - an uncursed amulet of resist corrosion
 j - a cursed amulet of warding
 l - an uncursed ring of protection from magic
 p - the amulet "Miobe" {+Rage rPois rF+ Str+2 Dex-2}
   (You found it on level 3 of the Lair of Beasts)

   [amulet of rage]

   It affects your strength (+2).
   It affects your dexterity (-2).
   It protects you from fire.
   It protects you from poison.
   It lets you go berserk.
 r - an uncursed amulet of resist mutation
 D - a ring of magical power (right paw)
 H - a ring of wizardry (left paw)
 I - a +4 ring of evasion
Magical devices
 n - a wand of cold (0)
 s - a wand of digging (11)
 B - a wand of slowing (24)
 J - a wand of heal wounds (3)
 P - a wand of slowing (22)
 R - a wand of slowing (32)
Scrolls
 e - 9 scrolls of identify
 k - 3 scrolls of immolation
 m - 11 scrolls of teleportation
 o - 5 scrolls of remove curse
 q - a scroll of noise
 w - 3 scrolls of fog
 y - 3 scrolls of magic mapping
 z - 3 scrolls of recharging
 M - 3 scrolls of amnesia
Potions
 f - 6 potions of flight
 h - 5 potions of brilliance
 t - 2 potions of restore abilities
 u - a potion of might
 v - a potion of cure mutation
 x - 5 potions of heal wounds
 A - 2 potions of ambrosia
 C - 9 potions of curing
 E - a potion of berserk rage {unknown}
 F - a potion of invisibility
 K - 3 potions of cancellation
 S - 2 potions of haste
 T - a potion of magic
Books
 c - a book of Conjurations

   Spells                             Type                      Level
   a - Magic Dart                     Conjuration                  1
   b - Searing Ray                    Conjuration                  2
   c - Dazzling Spray                 Conjuration/Hexes            3
   d - Fulminant Prism                Conjuration/Hexes            4
   e - Iskenderun's Mystic Blast      Conjuration                  4
   f - Iskenderun's Battlesphere      Conjuration/Charms           5
 i - Sif Muna's Volume of Conjuration
   (Sif Muna gifted it to you on level 5 of the Lair of Beasts)

   Spells                             Type                      Level
   a - Sting                          Conjuration/Poison           1
   b - Mephitic Cloud                 Conjuration/Poison/Air       3
   c - Irradiate                      Conjuration/Transmutation    5
 G - a book of the Earth

   Spells                             Type                      Level
   a - Leda's Liquefaction            Hexes/Earth                  4
   b - Bolt of Magma                  Conjuration/Fire/Earth       5
   c - Statue Form                    Transmutation/Earth          6
   d - Iron Shot                      Conjuration/Earth            6
   e - Shatter                        Earth                        9
 Q - Sif Muna's Handbook of Venomous Confrontation
   (Sif Muna gifted it to you on level 10 of the Dungeon)

   Spells                             Type                      Level
   a - Throw Flame                    Conjuration/Fire             2
   b - Cure Poison                    Poison                       2
   c - Alistair's Intoxication        Transmutation/Poison         4
   d - Bolt of Draining               Conjuration/Necromancy       5
   e - Orb of Destruction             Conjuration                  7
 V - Lehudib's Papyrus of the Quahog
   (Sif Muna gifted it to you on level 1 of the Lair of Beasts)

   Spells                             Type                      Level
   a - Magic Dart                     Conjuration                  1
   b - Shock                          Conjuration/Air              1
   c - Throw Frost                    Conjuration/Ice              2
   d - Spellforged Servitor           Conjuration/Summoning        7
   e - Orb of Destruction             Conjuration                  7
 X - a book of Maledictions

   Spells                             Type                      Level
   a - Corona                         Hexes                        1
   b - Sure Blade                     Hexes/Charms                 2
   c - Ensorcelled Hibernation        Hexes/Ice                    2
   d - Confuse                        Hexes                        3
   e - Dazzling Spray                 Conjuration/Hexes            3
   f - Enslavement                    Hexes                        4
Miscellaneous
 N - a box of beasts
 W - a fan of gales
Comestibles
 b - 8 meat rations
 d - 5 beef jerkies


   Skills:
 + Level 12.2 Dodging
 + Level 5.5 Stealth
 * Level 10.0 Spellcasting
 - Level 15.0 Conjurations
 - Level 5.7 Hexes
 - Level 3.1 Necromancy
 - Level 5.2 Earth Magic
 - Level 4.1 Invocations
 - Level 4.2 Evocations


You had 6 spell levels left.
You knew the following spells:

 Your Spells              Type           Power        Failure   Level  Hunger
a - Magic Dart            Conj           ####         0%          1    None
b - Searing Ray           Conj           ######       1%          2    None
c - Fulminant Prism       Conj/Hex       ######....   1%          4    ##.....
d - Iskenderun's Mystic   Conj           ######..     1%          4    ##.....
e - Dazzling Spray        Conj/Hex       ######..     1%          3    None
f - Bolt of Draining      Conj/Necr      ######....   1%          5    ####...
g - Iron Shot             Conj/Erth      ######....   7%          6    ######.


Dungeon Overview and Level Annotations

Branches:
Dungeon (11/15)            Temple (1/1) D:4            Lair (7/8) D:11
 Shoals (0/5) Lair:5       Spider (0/5) Lair:6          Orc (0/4) D:11
  Slime: Lair:6-8

Altars:
Ashenzari
Cheibriados
Dithmenos
Elyvilon
Fedhas
Gozag
Kikubaaqudgha
Makhleb
Nemelex Xobeh
Okawaru
Qazlal
Ru
Sif Muna
Trog
Vehumet
Xom
Yredelemnul
Zin
The Shining One

Annotations:
Lair:7 BLOAX's ghost, powerful CeFi


Innate Abilities, Weirdness & Mutations

You cannot wear armour.
You are incapable of wielding weapons or throwing items.
You have razor-sharp teeth.
You have supernaturally acute eyesight.
You are carnivorous and can eat meat at any time.
You cover ground quickly.
Your thick and shaggy fur keeps you warm (AC +3, rC+).
You have a slow metabolism.
Your paws have sharp claws that are effective at stabbing.
You are somewhat resistant to further mutation.
Your system is resistant to poisons.


Message History

Confirm with . or Enter, or press ? or * to list all spells.
Aiming: Iron Shot
Press: ? - help, Shift-Dir - straight line, f/p - BLOAX's ghost
Aim: BLOAX's ghost, wielding a weapon of pain (almost destroyed)
The iron shot hits BLOAX's ghost.
BLOAX's ghost is almost destroyed.
BLOAX's ghost hits you.
Casting: Iron Shot
Confirm with . or Enter, or press ? or * to list all spells.
Aiming: Iron Shot
Press: ? - help, Shift-Dir - straight line, f/p - BLOAX's ghost
Aim: BLOAX's ghost, wielding a weapon of pain (almost destroyed)
You miscast Iron Shot.
Sif Muna protects you from the effects of your miscast!
BLOAX's ghost misses you.
Read which item? (? for menu, Esc to quit)
As you read the scroll of teleportation, it crumbles to dust.
You feel strangely unstable. BLOAX's ghost hits you!!
Ouch! That really hurt!
You die...

.........[............#........
##....................#.......P
#.#.....##............[#.##...P
##....#.##P............ . .P...
#......####.#.......... .......
###....# ###.....P............
###......###.##.#..PPP..........†
..#.........###................##
P..............W@.>#.......P.....
............P...P[...#....(...PP.
.........(P##.P......#P?......PP.
..........####.P..........l......
..P........###.##....P...PP##....
...PP.....##P.##........ #.....
..P.......#....#..#.#. ...#....
#.............[# #### ......PPP
...............# .....#PP.


You could see BLOAX's ghost.

Vanquished Creatures
  Fannar (Lair:7)
  6 hydras
  2 death yaks (Lair:4)
  2 unseen horrors (D:11)
  Erolcha (D:10)
  4 hill giants
  2 griffons (Lair:7)
  An ugly thing (D:10)
  An oklob plant (Lair:2)
  An orc knight (Bailey)
  8 elephants
  A black mamba (Lair:1)
  2 sirens (Lair:5)
  Joseph (D:7)
  The ghost of SaintRoka the Chopper, an experienced DDSk (D:4)
  2 torpor snails (Lair:4)
  6 spiny frogs
  A gargoyle (D:10)
  3 komodo dragons
  3 trolls
  2 merfolk (Lair:5)
  4 blink frogs
  A two-headed ogre (D:10)
  2 polar bears
  3 trapdoor spiders (Lair:6)
  A spriggan (Lair:4)
  A wyvern (D:10)
  A wraith (D:10)
  10 hippogriffs
  A deep elf mage (D:9)
  A steam dragon (Lair:4)
  20 wolves
  A warg (D:11)
  14 yaks
  Menkaure (D:4)
  10 porcupines
  9 water moccasins
  10 orc warriors
  2 sky beasts
  5 ice beasts
  A wasp (D:10)
  2 ogres
  A necrophage (D:8)
  An eye of draining (D:10)
  4 black bears
  3 phantoms
  6 crocodiles
  6 centaurs
  A boring beetle (Lair:7)
  Blork the orc (D:4)
  21 giant frogs
  2 gnoll sergeants
  3 big kobolds
  A scorpion (D:10)
  6 killer bees (D:11)
  A quasit (D:9)
  A centaur zombie (D:9)
  A jelly (D:5)
  2 goliath beetles
  5 crimson imps
  6 hounds
  3 centaur skeletons
  11 orc priests
  4 giant frog skeletons
  4 hell rats (Lair:2)
  9 iguanas
  10 orc wizards
  5 worker ants
  18 sheep
  Ijyb (D:4)
  A hound skeleton (D:6)
  2 worker ant zombies
  27 gnolls
  37 river rats
  28 adders
  5 giant mites
  4 shadow imps
  6 worms
  7 giant geckos
  An ooze (D:1)
  45 orcs
  9 bats
  2 bat skeletons
  A bat zombie (D:5)
  9 giant cockroaches
  22 goblins
  16 hobgoblins
  6 jackals
  32 kobolds
  7 quokkas
  4 ball pythons
  11 giant newts
  A giant spore (D:10)
  A jackal skeleton (D:6)
  A quokka skeleton (D:4)
  A quokka zombie (D:5)
  37 rats
  4 ballistomycetes (D:11)
  2 fungi (Lair:3)
617 creatures vanquished.

Vanquished Creatures (others)
  128 fulminant prisms
  2 giant spores (D:11)
  14 fungi
  2 plants (Lair:7)
146 creatures vanquished.

Grand Total: 763 creatures vanquished

Notes
Turn   | Place    | Note
--------------------------------------------------------------
     0 | D:1      | DevastatorOne, the Felid Conjurer, began the quest for the Orb.
     0 | D:1      | Reached XP level 1. HP: 7/7 MP: 4/4
   303 | D:1      | Reached XP level 2. HP: 11/11 MP: 2/5
   731 | D:1      | Reached skill level 4 in Conjurations
  1220 | D:2      | Reached XP level 3. HP: 11/14 MP: 1/8
  1299 | D:2      | Found a glowing golden altar of the Shining One.
  1606 | D:2      | Found a burning altar of Makhleb.
  1611 | D:2      | Found a glowing silver altar of Zin.
  1611 | D:2      | Noticed a blizzard demon
  1611 | D:2      | Noticed an angel
  2097 | D:2      | Found a snail-covered altar of Cheibriados.
  2116 | D:2      | Reached XP level 4. HP: 12/18 MP: 2/10
  2285 | D:2      | Found an opulent altar of Gozag.
  2841 | D:2      | Learned a level 2 spell: Searing Ray
  2980 | D:3      | Reached skill level 5 in Dodging
  3090 | D:3      | Reached XP level 5. HP: 21/21 MP: 8/12
  3126 | D:3      | Reached skill level 5 in Conjurations
  3631 | D:3      | Found a blossoming altar of Fedhas.
  3745 | D:3      | Reached skill level 6 in Dodging
  3747 | D:3      | Gained mutation: You are covered in thick fur (AC +2). [growing up]
  3747 | D:3      | Reached XP level 6. HP: 24/24 MP: 4/14
  4047 | D:3      | Upgraded the game from 0.16.1-18-g436b03c to 0.16.1-28-gcc2312f
  4351 | D:3      | Gained mutation: Your system is resistant to poisons. [potion of beneficial mutation]
  4352 | D:3      | Upgraded the game from 0.16.1-28-gcc2312f to 0.16.1-29-g3e760ad
  4437 | D:4      | Noticed Blork the orc
  4458 | D:4      | Killed Blork the orc
  4467 | D:4      | Noticed SaintRoka's ghost (experienced DDSk)
  4690 | D:4      | Killed SaintRoka's ghost
  4690 | D:4      | Reached skill level 7 in Dodging
  4690 | D:4      | Reached XP level 7. HP: 27/27 MP: 8/17
  4782 | D:4      | Noticed Ijyb
  4785 | D:4      | Paralysed by Ijyb for 3 turns
  4791 | D:4      | Killed Ijyb
  4914 | D:4      | Learned a level 4 spell: Fulminant Prism
  5157 | D:4      | Noticed Menkaure
  5160 | D:4      | Killed Menkaure
  5160 | D:4      | Reached skill level 8 in Dodging
  5225 | D:4      | Found a staircase to the Ecumenical Temple.
  5235 | Temple   | Entered the Ecumenical Temple
  5244 | Temple   | Became a worshipper of Sif Muna the Loreminder
  5615 | D:5      | Entered Level 5 of the Dungeon
  5662 | D:5      | Found a glowing drain.
  5769 | Sewer    | Entered a sewer
  6508 | D:5      | Noticed a troll
  6516 | D:5      | Reached XP level 8. HP: 31/31 MP: 8/18
  6522 | D:5      | Killed a troll
  6522 | D:5      | Reached skill level 9 in Dodging
  6680 | D:5      | You fall through a shaft for 2 floors!
  6862 | D:6      | Slain by a giant frog
  6863 | D:6      | Reached XP level 7. HP: -2/27 MP: 9/17
  6876 | D:6      | Found an ancient bone altar of Kikubaaqudgha.
  6981 | D:6      | Reached skill level 10 in Dodging
  7168 | D:6      | Reached skill level 5 in Hexes
  7224 | D:6      | Acquired Sif Muna's first power
  7518 | D:5      | Reached XP level 8. HP: 31/31 MP: 7/18
  7691 | D:5      | Upgraded the game from 0.16.1-29-g3e760ad to 0.16.1-51-g6203257
  7922 | D:5      | Reached skill level 1 in Invocations
  8439 | D:6      | Noticed a moth of wrath
  8441 | D:6      | Found a bloodstained altar of Trog.
  8701 | D:6      | Learned a level 4 spell: Iskenderun's Mystic Blast
  9039 | D:6      | Reached XP level 9. HP: 29/34 MP: 7/20
  9044 | D:6      | Gained mutation: You are somewhat resistant to further mutation. [mutagenic meat]
  9373 | D:7      | Acquired Sif Muna's second power
  9508 | D:7      | Noticed a troll
  9519 | D:7      | Killed a troll
  9850 | D:7      | Noticed Joseph
  9858 | D:7      | Killed Joseph
 10611 | D:8      | Reached skill level 10 in Conjurations
 10842 | D:8      | Upgraded the game from 0.16.1-51-g6203257 to 0.16.2-12-gd0ad4c3
 10898 | D:8      | Reached XP level 10. HP: 28/37 MP: 4/24
 11829 | D:9      | Found a shattered altar of Ashenzari.
 11970 | D:9      | Acquired Sif Muna's third power
 12413 | D:9      | Found a flagged portal.
 12425 | Bailey   | Entered a bailey
 12562 | Bailey   | Reached skill level 5 in Spellcasting
 12695 | Bailey   | Reached skill level 11 in Conjurations
 12893 | Bailey   | Noticed an orc knight
 12917 | Bailey   | Killed an orc knight
 13417 | D:9      | Learned a level 3 spell: Dazzling Spray
 13866 | D:10     | Entered Level 10 of the Dungeon
 13918 | D:10     | Noticed Erolcha
 13924 | D:10     | Killed Erolcha
 13925 | D:10     | Noticed a cyan ugly thing
 13973 | D:10     | Killed a cyan ugly thing
 13973 | D:10     | Reached skill level 12 in Conjurations
 14104 | D:10     | Noticed a hill giant
 14206 | D:10     | Killed by an exploding fulminant prism
 14207 | D:10     | Reached XP level 9. HP: -5/34 MP: 17/24
 14215 | D:10     | Killed a hill giant
 14215 | D:10     | Reached XP level 10. HP: 37/37 MP: 13/25
 14390 | D:10     | Found a glowing golden altar of the Shining One.
 14420 | D:10     | Noticed a hill giant
 14423 | D:10     | Killed a hill giant
 14532 | D:10     | Reached skill level 13 in Conjurations
 14606 | D:10     | Received a gift from Sif Muna
 14609 | D:10     | Identified Sif Muna's Handbook of Venomous Confrontation (Sif Muna gifted it to you on level 10 of the Dungeon)
 14616 | D:10     | Learned a level 5 spell: Bolt of Draining
 14866 | D:11     | Noticed an unseen horror
 14870 | D:11     | Killed an unseen horror
 14870 | D:11     | Reached skill level 1 in Evocations
 14926 | D:11     | Found a staircase to the Orcish Mines.
 15136 | D:11     | Reached XP level 11. HP: 40/40 MP: 21/26
 15332 | D:11     | Noticed a hill giant
 15336 | D:11     | Killed a hill giant
 15602 | D:11     | Noticed a seven-headed hydra
 15608 | D:11     | Killed a seven-headed hydra
 15609 | D:11     | Noticed an unseen horror
 15617 | D:11     | Killed an unseen horror
 15816 | D:11     | Found a staircase to the Lair.
 15884 | D:11     | Noticed a hill giant
 15887 | D:11     | Killed a hill giant
 15989 | Lair:1   | Entered Level 1 of the Lair of Beasts
 15999 | Lair:1   | Noticed an eight-headed hydra
 16005 | D:11     | Slain by an eight-headed hydra
 16006 | D:11     | Reached XP level 10. HP: -1/37 MP: 4/25
 16042 | D:11     | Killed an eight-headed hydra
 16138 | Lair:1   | Reached skill level 14 in Conjurations
 16311 | Lair:1   | You fall through a shaft!
 16653 | Lair:1   | Reached XP level 11. HP: 40/40 MP: 5/26
 16809 | Lair:1   | Received a gift from Sif Muna
 16825 | Lair:1   | Identified Lehudib's Papyrus of the Quahog (Sif Muna gifted it to you on level 1 of the Lair of Beasts)
 17046 | Lair:2   | Noticed an oklob plant
 17088 | Lair:2   | Killed an oklob plant
 17234 | Lair:2   | Noticed a seven-headed hydra
 17238 | Lair:2   | Killed a seven-headed hydra
 18038 | Lair:3   | Got a clouded garnet amulet
 18821 | Lair:4   | Identified the amulet "Miobe" {+Rage rPois rF+ Str+2 Dex-2} (You found it on level 3 of the Lair of Beasts)
 18888 | Lair:4   | Reached skill level 15 in Conjurations
 19262 | Lair:4   | Noticed a death yak
 19284 | Lair:4   | Killed a death yak
 19697 | Lair:4   | Noticed a death yak
 19706 | Lair:4   | Killed a death yak
 19798 | Lair:4   | Learned a level 6 spell: Iron Shot
 20652 | Lair:5   | Reached skill level 1 in Earth Magic
 20652 | Lair:5   | Gained mutation: Your thick and shaggy fur keeps you warm (AC +3, rC+). [growing up]
 20652 | Lair:5   | Reached XP level 12. HP: 44/44 MP: 30/31
 20657 | Lair:5   | Received a gift from Sif Muna
 20660 | Lair:5   | Identified Sif Muna's Volume of Conjuration (Sif Muna gifted it to you on level 5 of the Lair of Beasts)
 20832 | Lair:5   | Found a staircase to the Shoals.
 22450 | Lair:6   | Noticed a seven-headed hydra
 22453 | Lair:6   | Killed a seven-headed hydra
 22453 | Lair:6   | Reached skill level 5 in Earth Magic
 22487 | Lair:6   | Found a hole to the Spider Nest.
 23022 | Lair:7   | Noticed a seven-headed hydra
 23179 | Lair:7   | Killed a seven-headed hydra
 23214 | Lair:7   | Noticed Fannar
 23422 | Lair:6   | HP: 1/44 [river rat (7)]
 23603 | Lair:7   | Killed Fannar
 23633 | Lair:7   | Reached XP level 13. HP: 45/47 MP: 0/32
 23803 | Lair:7   | Reached skill level 5 in Stealth
 23898 | Lair:7   | Noticed BLOAX's ghost (powerful CeFi)
 24278 | Lair:7   | HP: 2/47 [BLOAX's ghost (14)]
 24278 | Lair:7   | Slain by BLOAX's ghost
 24279 | Lair:7   | Reached XP level 12. HP: -2/44 MP: 4/41
 24312 | Lair:7   | Noticed a six-headed hydra
 24320 | Lair:7   | Killed a six-headed hydra
 24320 | Lair:7   | Reached skill level 10 in Spellcasting
 24541 | Lair:7   | Slain by BLOAX's ghost

Action                   |  1- 3 |  4- 6 |  7- 9 | 10-12 | 13-15 || total
-------------------------+-------+-------+-------+-------+-------++-------
Melee: Unarmed           |    33 |     3 |    15 |    24 |       ||    75
 Cast: Magic Dart        |   112 |   126 |   334 |   164 |    12 ||   748
       Searing Ray       |       |    11 |    32 |    33 |       ||    76
       Fulminant Prism   |       |       |    28 |    96 |     4 ||   128
       Iskenderun's Myst |       |       |    34 |   121 |     7 ||   162
       Bolt of Draining  |       |       |       |    94 |     3 ||    97
       Dazzling Spray    |       |       |       |     7 |       ||     7
       Iron Shot         |       |       |       |    60 |    21 ||    81
Invok: Channel Energy    |       |       |    49 |   347 |    41 ||   437
Evoke: Wand              |       |       |       |     1 |       ||     1
  Use: Scroll            |       |     4 |     6 |    24 |     1 ||    35
       Potion            |       |     1 |     1 |     1 |       ||     3
 Stab: Sleeping          |       |       |       |     1 |       ||     1
  Eat: Chunk             |     9 |     7 |    40 |   146 |    16 ||   218
       Pizza             |     1 |       |       |     2 |       ||     3
       Royal jelly       |       |       |       |     4 |       ||     4
